 Dungeon Crawl Stone Soup version 0.30.0-5-g1a98f26d00 (webtiles) character file.

Game seed: 10497048337092121902

5491 browni3141 the Covert (level 10, -9/49 HPs)
             Began as a Vine Stalker Fire Elementalist on May 9, 2023.
             Was a Follower of Vehumet.
             Mangled by a freezing wraith (17 damage)
             ... on level 8 of the Dungeon.
             The game lasted 00:16:07 (9994 turns).

browni3141 the Covert (VSFE)                        Turns: 9994, Time: 00:16:07

Health: -9/49      AC:  8    Str: 10    XL:     10   Next: 69%
Magic:  0/23       EV: 17    Int: 19    God:    Vehumet [*.....]
Gold:   342        SH:  0    Dex: 16    Spells: 13/26 levels left

rFire   . . .        a - +3 dagger
rCold   . . .        (no shield)
rNeg    . . .        u - +0 steam dragon scales
rPois   .            A - +0 helmet
rElec   .            (no cloak)
rCorr   .            H - +0 pair of gloves
SInv    .            w - +0 pair of boots
Will    +....        (no amulet)
Stlth   ++++         Y - +5 ring of evasion
HPRegen 1.08/turn    (no ring)
MPRegen 0.18/turn

%: guardian spirit
@: slowed, very slow
A: fangs 3, regeneration 1, magic shield, antimagic bite, no potion heal 2
a: Renounce Religion


You were on level 8 of the Dungeon.
You worshipped Vehumet.
Vehumet was aware of your devotion.
You visited 2 branches of the dungeon, and saw 9 of its levels.

You collected 503 gold pieces.
You spent 161 gold pieces at shops.

Inventory:

Hand Weapons
 a - a +3 dagger (weapon)
 b - a +2 scimitar of holy wrath
 q - a +1 dagger of freezing
 N - a +0 rapier
Missiles
 p - a curare-tipped dart
 J - 13 poisoned darts
 T - 2 boomerangs
 Z - 3 throwing nets
Armour
 j - an orb of energy
 k - a +0 cloak
 t - a +0 helmet
 u - +0 steam dragon scales (worn)
 w - a +0 pair of boots (worn)
 x - a +0 pair of boots
 A - a +0 helmet (worn)
 D - a +0 helmet
 H - a +0 pair of gloves (worn)
 U - a +0 robe
Jewellery
 X - a ring of ice
 Y - a +5 ring of evasion (left hand)
Wands
 G - a wand of digging (1)
 I - a wand of iceblast (11)
 V - a wand of flame (15)
Scrolls
 n - a scroll of butterflies {unknown}
 o - 2 scrolls of poison {unknown}
 r - 10 scrolls of identify
 v - a scroll of brand weapon {unknown}
 y - a scroll of immolation {unknown}
 B - a scroll of vulnerability {unknown}
 E - 3 scrolls of magic mapping {unknown}
 K - 2 scrolls of fog {unknown}
 M - 2 scrolls of blinking {unknown}
 P - 2 scrolls of teleportation {unknown}
 Q - a scroll of torment {unknown}
 R - a scroll of enchant armour {unknown}
 S - 4 scrolls of amnesia {unknown}
Potions
 h - a potion of haste
 l - a potion of brilliance {unknown}
 m - a potion of magic
 s - 2 potions of cancellation {unknown}
 z - a potion of ambrosia {unknown}
 C - 2 potions of curing
 F - 4 potions of flight
 L - 2 potions of berserk rage
 O - 5 potions of might {unknown}
 W - 2 potions of attraction {unknown}


   Skills:
 - Level 4.0 Fighting
 * Level 5.2 Short Blades
 - Level 2.0 Dodging
 * Level 8.9 Stealth
 * Level 8.6 Spellcasting
 - Level 3.0 Conjurations
 - Level 8.0 Fire Magic
 - Level 3.0 Evocations


You had 13 spell levels left.
You knew the following spells:

 Your Spells              Type           Power      Damage    Failure   Level
a - Volatile Blastmotes   Fire/Tloc      46%        2d13      4%          3
i - Inner Flame           Hex/Fire       23%        N/A       4%          3
w - Flame Wave            Conj/Fire      29%        2d9       9%          4
x - Scorch                Fire           76%        2d8       1%          2
z - Foxfire               Conj/Fire      100%       2x1d9     1%          1

Your spell library contained the following spells:

 Spells                   Type           Power      Damage    Failure   Level
 Shock                    Conj/Air       52%        1d6       4%          1
 Kiss of Death            Conj/Necr      52%        2d9       4%          1
 Sandblast                Erth           16%        2d6       9%          1
 Blink                    Tloc           16%        N/A       13%         2
 Passwall                 Tmut/Erth      6%         N/A       13%         2
 Stone Arrow              Conj/Erth      26%        3d8       14%         3
 Confusing Touch          Hex            8%         N/A       26%         3
 Gell's Gravitas          Tloc           8%         N/A       26%         3
 Teleport Other           Tloc           8%         N/A       26%         3
 Vhi's Electric Charge    Tloc/Air       16%        N/A       26%         3
 Dispel Undead            Necr           8%         3d8       65%         4
 Manifold Assault         Tloc           8%         N/A       65%         4
 Passage of Golubria      Tloc           8%         N/A       65%         4
 Arcjolt                  Conj/Air       6%         1d16      78%         5
 Silence                  Hex/Air        4%         N/A       94%         5
 Plasma Beam              Fire/Air       11%        2x1d24    95%         6
 Dispersal                Tloc           4%         N/A       100%        6
 Storm Form               Tmut/Air       4%         N/A       100%        7
 Lehudib's Crystal Spear  Conj/Erth      6%         10d3      100%        8


Dungeon Overview and Level Annotations

Branches:
Dungeon (8/15)             Temple (1/1) D:7
   Lair: D:8-11

Altars:
Cheibriados
Dithmenos
Elyvilon
Fedhas
Gozag
Hepliaklqana
Kikubaaqudgha
Makhleb
Nemelex Xobeh
Qazlal
Ru
Sif Muna
Trog
Uskayaw
Vehumet
Wu Jian
Xom
Yredelemnul
Zin
The Shining One

Shops:
D:3 *   D:4 *

Annotations:
D:6 1 runed translucent door, Crazy Yiuf


Innate Abilities, Weirdness & Mutations

You have razor-sharp teeth.
Your natural rate of healing is unusually fast.
When hurt, damage is shared between your health and your magic reserves.
Your bite disrupts and absorbs the magic of your enemies.
Potions cannot restore your health.


Message History

You conjure some foxfire!
You conjure some foxfire!
The foxfire hits the freezing wraith but does no damage. x2
The foxfire hits the freezing wraith.
The freezing wraith is burned terribly!
The freezing wraith is lightly damaged.
The foxfire hits the freezing wraith but does no damage.
The freezing wraith is lightly damaged.
You conjure some foxfire!
The foxfire hits the freezing wraith but does no damage.
The freezing wraith is lightly damaged.
The foxfire hits the freezing wraith.
The freezing wraith is burned terribly!
The freezing wraith is lightly damaged.
The foxfire hits the freezing wraith but does no damage.
The freezing wraith is lightly damaged.
The foxfire hits the freezing wraith.
The freezing wraith is moderately damaged.
Aiming: Throw Flame
Press: ? - help, Shift-Dir - straight line, f - freezing wraith
Aim: a freezing wraith (lightly damaged, 71% to hit)
The puff of flame hits the freezing wraith!
The freezing wraith is burned terribly!
The freezing wraith is heavily damaged.
Okay, then.
Casting: Foxfire (safe; 1% risk of failure)
Confirm with . or Enter, or press ? or * to list all spells.
Flames lash the freezing wraith.
The freezing wraith is burned terribly!
The freezing wraith is severely damaged.
The freezing wraith's fire resistance burns away.
Aiming: Throw Flame
Press: ? - help, Shift-Dir - straight line, f/p - freezing wraith
Aim: a freezing wraith (severely damaged, more vulnerable to fire, 71% to hit)
The puff of flame hits the freezing wraith!
The freezing wraith is burned terribly!
The freezing wraith is almost destroyed.
The freezing wraith hits you but does no damage.
The freezing wraith misses you.
Aiming: Throw Flame
Press: ? - help, Shift-Dir - straight line, f/p - freezing wraith
Aim: a freezing wraith (almost destroyed, more vulnerable to fire, 71% to hit)
The puff of flame hits the freezing wraith.
The freezing wraith is burned terribly!
You destroy the freezing wraith!
Vehumet accepts your kill.
There is a huge open gate, spattered with blood here.
You see here the +0 mace of Offence {venom, rF- rC+++ Stlth+}.
j - an orb of energy A freezing wraith comes into view.
A freezing wraith is nearby!
You conjure some foxfire!
Casting: Foxfire (safe; 1% risk of failure)
Confirm with . or Enter, or press ? or * to list all spells.
Flames lash the freezing wraith.
The freezing wraith is burned terribly!
The freezing wraith is lightly damaged.
The freezing wraith's fire resistance burns away.
The foxfire hits the freezing wraith but does no damage.
The freezing wraith is lightly damaged.
The foxfire hits the freezing wraith.
The freezing wraith is burned terribly!
The freezing wraith is moderately damaged.
Unknown command.
Aiming: Throw Flame
Press: ? - help, Shift-Dir - straight line, f - freezing wraith
Aim: a freezing wraith (moderately damaged, more vulnerable to fire, 71% to hit)
The puff of flame hits the freezing wraith.
The freezing wraith is burned terribly!
The freezing wraith is heavily damaged.
Aiming: Throw Flame
Press: ? - help, Shift-Dir - straight line, f/p - freezing wraith
Aim: a freezing wraith (heavily damaged, more vulnerable to fire, 71% to hit)
The puff of flame hits the freezing wraith.
The freezing wraith is burned terribly!
The freezing wraith is heavily damaged.
Aiming: Throw Flame
Press: ? - help, Shift-Dir - straight line, f/p - freezing wraith
Aim: a freezing wraith (heavily damaged, more vulnerable to fire, 71% to hit)
The puff of flame hits the freezing wraith but does no damage.
The freezing wraith is heavily damaged.
The freezing wraith hits you! The freezing wraith freezes you!
The freezing wraith hits you. The freezing wraith drains your vigour!
You feel yourself slow down.
Aiming: Throw Flame
Press: ? - help, Shift-Dir - straight line, f/p - freezing wraith
Aim: a freezing wraith (heavily damaged, more vulnerable to fire, 71% to hit)
The puff of flame hits the freezing wraith but does no damage.
The freezing wraith is heavily damaged.
The freezing wraith is no longer more vulnerable to fire.
The freezing wraith hits you. The freezing wraith freezes you!!
The freezing wraith hits you!
* * * LOW HITPOINT WARNING * * *
The freezing wraith drains your vigour!
You feel as though you will be slow longer.
Unknown command.
Aiming: Throw Flame
Press: ? - help, Shift-Dir - straight line, f/p - freezing wraith
Aim: a freezing wraith (heavily damaged, 71% to hit)
The puff of flame hits the freezing wraith but does no damage.
The freezing wraith is heavily damaged.
The freezing wraith hits you!
* * * LOW HITPOINT WARNING * * *
The freezing wraith freezes you!!
You die...

##...## #...).## ### ...####...##
#.))...## # ###.. ......#####
#.)##...#### .... . ..........
##.####...##.
...#~)#........####..# ##.....
#..~ ~~#..# ...~##..# ##..##
#..~####~..###..###..# ##..##
.##..#~~##~..##.W.~#.<.# #..##
.....).#~~#.....@###...# ##..#
..................~##..####..##
###..........#######...#.....###
..####''''#### #..#............##
.#........#..###.........####...#
.#.......................# ##...
.........................# ##..
.............###...>.....# ##.
............###..........## ##


You could see a freezing wraith.

Vanquished Creatures
  2 ice devils (D:8)
  A freezing wraith (D:8)
  6 yaks (D:8)
  2 vampire mosquitoes (D:7)
  A steam dragon (D:6)
  Duvessa (D:7)
  2 water moccasins
  An orc warrior (D:7)
  3 ice beasts
  A sky beast (D:7)
  3 black bears
  An ogre (D:4)
  2 phantoms
  2 kobold brigands
  4 bullfrogs
  4 scorpions
  Dowan (D:7)
  8 wights
  6 howler monkeys
  A crimson imp (D:5)
  2 orc priests
  2 hounds
  3 jellies
  A gnoll bouda (D:7)
  Jessica (D:3)
  Ijyb (D:4)
  Natasha (thrice) (D:2)
  Terence (D:3)
  4 iguanas
  5 orc wizards
  A mummy (D:8)
  Robin (D:1)
  8 gnolls
  6 adders
  4 white imps
  An ufetubus (D:4)
  A worm (D:3)
  A dart slug (D:5)
  15 orcs
  4 ball pythons
  5 bats
  10 endoplasms
  2 giant cockroaches
  10 goblins
  9 hobgoblins
  4 jackals (D:4)
  17 kobolds
  3 quokkas
  4 frilled lizards
  A goblin skeleton (D:5)
  3 goblin zombies (D:5)
  2 hobgoblin zombies (D:5)
  A kobold skeleton (D:5)
  A kobold zombie (D:5)
  An orc skeleton (D:5)
  2 orc zombies (D:5)
  2 rats
  A spectral orc (D:4)
195 creatures vanquished.

Vanquished Creatures (others)
  589 foxfires
589 creatures vanquished.

Grand Total: 784 creatures vanquished

Notes
Turn   | Place    | Note
-------+----------+-------------------------------------------
     0 | D:1      | browni3141 the Vine Stalker Fire Elementalist began the
                  | quest for the Orb.
     0 | D:1      | Reached XP level 1. HP: 9/9 MP: 4/4
   452 | D:1      | Reached skill level 3 in Stealth
   452 | D:1      | Reached XP level 2. HP: 14/14 MP: 6/6
   832 | D:2      | Reached XP level 3. HP: 18/18 MP: 4/7
   880 | D:2      | You fall into a shaft and drop 1 floor!
  1088 | D:3      | Noticed Jessica
  1105 | D:3      | Killed Jessica
  1106 | D:3      | Gained mutation: Your natural rate of healing is unusually
                  | fast. [Vine Stalker growth]
  1106 | D:3      | Reached XP level 4. HP: 16/22 MP: 0/8
  1109 | D:3      | Learned a level 2 spell: Scorch
  1180 | D:3      | Found a stormy altar of Qazlal.
  1180 | D:3      | Found a bloodstained altar of Trog.
  1180 | D:3      | Found a hazy altar of Hepliaklqana.
  1180 | D:3      | Found a shimmering altar of Xom.
  1243 | D:3      | Noticed Terence
  1413 | D:3      | Found an ancient bone altar of Kikubaaqudgha.
  1538 | D:2      | Noticed Robin
  1658 | D:1      | Killed Robin
  1926 | D:2      | Noticed Natasha
  1931 | D:2      | Killed Natasha
  1932 | D:2      | Reached XP level 5. HP: 25/25 MP: 3/9
  2425 | D:2      | Noticed Natasha
  2429 | D:2      | Killed Natasha
  2607 | D:2      | Noticed Natasha
  2613 | D:2      | Killed Natasha
  2964 | D:3      | Found Pimomehy's General Store.
  3118 | D:3      | Reached XP level 6. HP: 28/30 MP: 10/10
  3263 | D:3      | Killed Terence
  3424 | D:4      | Reached skill level 3 in Spellcasting
  3606 | D:4      | Found a basalt altar of Yredelemnul.
  3657 | D:4      | Reached skill level 3 in Conjurations
  3712 | D:4      | Found Yreenezufi's Assorted Antiques.
  3791 | D:4      | Reached XP level 7. HP: 33/33 MP: 6/12
  3791 | D:4      | Bought a scroll labelled CUNA OFINI for 33 gold pieces
  3791 | D:4      | Bought a scroll labelled ZUJAJAUBLI for 33 gold pieces
  3791 | D:4      | Bought a scroll labelled ZUJAJAUBLI for 33 gold pieces
  3791 | D:4      | Bought a scroll labelled COSEOMN XONABB for 33 gold pieces
  3791 | D:4      | Bought a clear potion for 29 gold pieces
  3868 | D:4      | Noticed Ijyb
  3921 | D:4      | Killed Ijyb
  4442 | D:5      | Entered Level 5 of the Dungeon
  4764 | D:5      | Learned a level 3 spell: Inner Flame
  4768 | D:5      | Learned a level 3 spell: Volatile Blastmotes
  4773 | D:5      | Learned a level 4 spell: Flame Wave
  4965 | D:5      | Gained mutation: You have razor-sharp teeth. [Vine Stalker
                  | growth]
  4965 | D:5      | Reached XP level 8. HP: 34/39 MP: 4/17
  5151 | D:5      | Found a sparkling altar of Nemelex Xobeh.
  5243 | D:5      | Found a glowing golden altar of the Shining One.
  5282 | D:5      | Reached skill level 6 in Spellcasting
  5512 | D:6      | Reached skill level 6 in Fire Magic
  5522 | D:6      | Found a burning altar of Makhleb.
  5948 | D:6      | Found a runed translucent door.
  5949 | D:6      | Noticed Crazy Yiuf
  6132 | D:6      | Reached XP level 9. HP: 42/42 MP: 19/19
  6540 | D:7      | Reached skill level 3 in Fighting
  6816 | D:7      | Noticed Duvessa
  6883 | D:7      | Noticed Dowan
  6886 | D:7      | Killed Duvessa
  7008 | D:7      | Killed Dowan
  7344 | D:7      | Found a staircase to the Ecumenical Temple.
  7367 | D:7      | Reached skill level 6 in Stealth
  7403 | D:7      | Reached skill level 3 in Evocations
  7797 | D:7      | Reached skill level 3 in Short Blades
  8223 | Temple   | Entered the Ecumenical Temple
  8283 | Temple   | Became a worshipper of Vehumet
  8387 | D:8      | Found a snail-covered altar of Cheibriados.
  8518 | D:8      | Reached XP level 10. HP: 49/49 MP: 7/22
  8619 | D:8      | HP: 2/49 [yak (13)]
  9744 | D:8      | Reached * piety under Vehumet
  9744 | D:8      | Offered knowledge of Shock by Vehumet.
  9975 | D:8      | Identified the +0 mace of Offence {venom, rF- rC+++ Stlth+}
  9984 | D:8      | Found the +8 frozen axe "Frostbite" {freeze, freezing
                  | cloud, *Noise Fly rC+}
  9994 | D:8      | Mangled by a freezing wraith

Illustrated notes

Levels and vault maps discovered:
D:1:      dpeg_arrival_rhombi, layout_basic
D:2:      layout_rooms, uniq_natasha, uniq_robin
D:3:      layout_basic, grunt_temple_overflow_cloverleaf,
          mainiacjoe_overflow_concentric_impassable, serial_shops,
          nicolae_shop_competitors_out_of_business, minivault_23,
          chequers_serial_rivers_micro_a, corner_web_ring, minivault_23,
          minmay_increasing_density, uniq_terence, uniq_jessica
D:4:      layout_basic, yredelemnul_forgotten_temple_becter, serial_shops,
          nicolae_shop_advertising_works [nicolae_subvault_shop_adworks],
          hangedman_decor_growths, uniq_ijyb
D:5:      layout_loops_ring, mainiacjoe_overflow_catwalk,
          nicolae_tso_besieged_by_evil, minmay_between
D:6:      layout_gridville, mainiacjoe_overflow_24_doors,
          chequers_serial_rivers_small_3, uniq_crazy_yiuf_cottage
D:7:      nicolae_cairo_tiling_large_dashed, layout_loops_corners,
          minmay_temple_entry_trees, st_stairs_1, uniq_duvessa
D:8:      layout_layer_cave, slow_altar_1, hellmonk_guarded_unrand_frostbite
Temple:   zaba_magenta_temple

Skill      XL: |  1  2  3  4  5  6  7  8  9 10 |
---------------+-------------------------------+-----
Fighting       | 1 2 4 |  4.0
Stealth        | 3 4 6 8 |  8.9
Short Blades   | 1 2 3 5 |  5.2
Fire Magic     | 4 5 8 |  8.0
Conjurations   | 3 |  3.0
Spellcasting   | 3 5 6 7 8 |  8.6
Dodging        | 2 |  2.0
Evocations     | 1 3 |  3.0

Action                     |  1- 3 |  4- 6 |  7- 9 | 10-12 || total
---------------------------+-------+-------+-------+-------++-------
  Melee: Unarmed           |     4 |       |       |       ||     4
         Rapier            |    13 |     3 |       |       ||    16
         Bite              |     2 |    27 |    20 |    20 ||    69
         Dagger            |       |    66 |    82 |    39 ||   187
         Punch             |       |     1 |       |       ||     1
   Cast: Foxfire           |    33 |    55 |   207 |    50 ||   345
         Scorch            |       |     9 |    39 |    33 ||    81
  Evoke: Wand              |       |       |       |     8 ||     8
    Use: Scroll            |       |       |     4 |     1 ||     5
         Potion            |       |       |       |     1 ||     1
   Stab: Sleeping          |     1 |     8 |     4 |       ||    13
 Armour: Robe              |     9 |     9 |     4 |       ||    22
         Steam dragon scal |       |       |     6 |    22 ||    28
  Dodge: Dodged            |    25 |    49 |    71 |    40 ||   185
